 Dungeon Crawl Stone Soup version 0.19-a0-1008-g4c63d25 (webtiles) character file.

174 Leibowitz the Skirmisher (level 5, -5/33 HPs)
             Began as a Kobold Fighter on July 23, 2016.
             Killed by divine providence
             ... invoked by an orc priest
              (10 damage)
             ... on level 4 of the Dungeon.
             The game lasted 00:08:51 (2723 turns).

Leibowitz the Skirmisher (Kobold Fighter)           Turns: 2723, Time: 00:08:51

Health: -5/33      AC: 10    Str: 19    XL:     5   Next: 84%
Magic:  5/5        EV: 12    Int:  6    God:
Gold:   193        SH: 10    Dex: 17    Spells: 0 memorised, 4 levels left

rFire  . . .     SeeInvis .     a - +0 short sword (protect)
rCold  . . .     Gourm    .     v - +0 leather armour
rNeg   . . .     Faith    .     c - +0 shield
rPois  .         Spirit   .     k - +0 helmet
rElec  .         Dismiss  .     b - +0 cloak
rCorr  .         Reflect  .     (no gloves)
SustAt .         Harm     .     (no boots)
MR     .....                    (no amulet)
Stlth  ++........               (no ring)
                                (no ring)

@: mighty, hasted, very quick, not resistant to hostile enchantments, unstealthy
A: carnivore 3
a: no special abilities


You were on level 4 of the Dungeon.
You were not hungry.

You visited 1 branch of the dungeon, and saw 4 of its levels.

You collected 193 gold pieces.

Inventory:

Hand Weapons
 a - a +0 short sword of protection (weapon)
Missiles
 i - 2 throwing nets (quivered)
Armour
 b - a +0 cloak (worn)
 c - a +0 shield (worn)
 k - a +0 helmet (worn)
 v - a +0 leather armour (worn)
Scrolls
 g - 4 scrolls of identify
 h - a scroll of fog {unknown}
 j - 4 scrolls of remove curse
 o - a scroll of magic mapping {unknown}
 p - a scroll of noise {unknown}
 q - a scroll of recharging {unknown}
 r - a scroll of random uselessness {unknown}
 t - 2 scrolls of enchant armour {unknown}
Potions
 d - a potion of might
 e - 2 potions of haste
 l - 2 potions of curing {unknown}
 m - a potion of magic {unknown}
 n - 2 potions of lignification {unknown}
 s - a potion of resistance {unknown}
 u - a potion of berserk rage {unknown}
Comestibles
 f - 3 meat rations


   Skills:
 * Level 4.0 Fighting
 * Level 3.6 Short Blades
 * Level 3.1 Armour
 * Level 2.6 Dodging
 * Level 1.5 Stealth
 * Level 3.1 Shields


You had 4 spell levels left.
You didn't know any spells.

Dungeon Overview and Level Annotations

Branches:
Dungeon (4/15)
 Temple: D:4-7

Altars:
Okawaru


Innate Abilities, Weirdness & Mutations

You are small and have problems with some larger weapons.
You are carnivorous and can eat meat at any time.


Message History

The orc priest casts a cantrip, but nothing happens.
You block the orc's attack.
You barely miss the orc. You block the orc's attack.
The orc priest calls down the wrath of Beogh upon you.
Beogh smites you!
You hear a shout!
You hit the orc.
The orc is heavily wounded.
The orc priest looks braver for a moment.
You block the orc's attack.
An orc priest comes into view.
You feel very mighty all of a sudden.
The orc priest calls down the wrath of Beogh upon you.
Beogh smites you!
* * * LOW HITPOINT WARNING * * *
It was a potion of haste.
You feel yourself speed up. The orc barely misses you.
The orc priest invokes the aid of Beogh against you.
Beogh smites you!
You die...

##.. .##.### ## ...
......o###.# #.. #@#.#
#.. ##o## #..###
##(oo## #...$ ##o....##
#.#.### ##.......#
#####.....###o.....$..#
...........)o)........+
######..o.###.........#
#......# ##.......##


You could see 3 orc priests and an orc.

Vanquished Creatures
  A howler monkey (D:4)
  An orc priest (D:4)
  A gnoll (D:1)
  5 adders
  A worm (D:3)
  2 dart slugs
  7 orcs
  A ball python (D:3)
  2 bats (D:1)
  A giant cockroach (D:1)
  6 goblins
  5 hobgoblins
  3 giant newts
  2 kobolds (D:2)
  6 rats
44 creatures vanquished.

Notes
Turn   | Place    | Note
-------+----------+-------------------------------------------
     0 | D:1      | Leibowitz the Kobold Fighter began the quest for the Orb.
     0 | D:1      | Reached XP level 1. HP: 14/14 MP: 1/1
    86 | D:1      | Reached XP level 2. HP: 4/19 MP: 2/2
   648 | D:1      | Reached XP level 3. HP: 20/23 MP: 3/3
   945 | D:2      | Reached skill level 1 in Dodging
   945 | D:2      | Reached skill level 1 in Stealth
  1052 | D:2      | Reached XP level 4. HP: 22/28 MP: 4/4
  1517 | D:3      | Found an iron altar of Okawaru.
  2174 | D:4      | Reached XP level 5. HP: 18/33 MP: 5/5
  2251 | D:4      | Reached skill level 4 in Fighting
  2723 | D:4      | Killed from afar by an orc priest

Vault maps used:
D:1:      dpeg_arrival_ternary
D:2:      first_bread
D:3:      lemuel_round_altar

Skill      XL: |  1  2  3  4  5 |
---------------+----------------+-----
Short Blades   | 3 |  3.6
Dodging        | 1 2 |  2.6
Stealth        | 1 |  1.5
Shields        | 3 |  3.1
Armour         | 3 |  3.1
Fighting       | 4 |  4.0

Action                   |  1- 3 |  4- 6 || total
-------------------------+-------+-------++-------
Melee: Rapier            |   103 |    25 ||   128
       Short sword       |       |   131 ||   131
Throw: Throwing net      |       |     2 ||     2
  Use: Scroll            |     3 |       ||     3
       Potion            |       |     2 ||     2
 Stab: Held in net/web   |       |     1 ||     1
  Eat: Chunk             |     8 |     2 ||    10
Armor: Scale mail        |    36 |    36 ||    72
       Leather armour    |       |     3 ||     3
Dodge: Dodged            |    25 |    46 ||    71
Block: Shield            |    57 |    50 ||   107
